PAAA
SANTA BARBARA GOLDEN CRANES @ BALTIMORE BLACK SOX
05/20/2034
 
TOP OF THE 1ST
Santa Barbara Golden Cranes batting - Pitching for Baltimore Black Sox : RHP Jordan Turpin
Pitching: RHP Jordan Turpin
Batting: LHB Tom Haymon 0-0: Called Strike
0-1: Called Strike
0-2: Foul Ball, location: 2F
0-2: Ball
1-2: Strikes out swinging
Batting: LHB Su-wu Xiao 0-0: Called Strike
0-1: Ground out 4-3 (Groundball, 4S)
Batting: RHB James Pike 0-0: Called Strike
0-1: Ball
1-1: Foul Ball, location: 2F
1-2: Ball
2-2: Foul Ball, location: 2F
2-2: Ball
3-2: SOLO HOME RUN (Flyball, 7LD), Distance : 357 ft
Batting: LHB Xu Cheng 0-0: Called Strike
0-1: Foul Ball, location: 2F
0-2: Ball
1-2: Fly out, F8 (Flyball, 89D)
Top of the 1st over - 1 run, 1 hit, 0 errors, 0 left on base; Santa Barbara 1 - Baltimore 0
BOTTOM OF THE 1ST
Baltimore Black Sox batting - Pitching for Santa Barbara Golden Cranes : RHP José Guillén
Pitching: RHP José Guillén
Batting: LHB Ramón Flores 0-0: Called Strike
0-1: Foul Ball, location: 2F
0-2: Fly out, F9 (Flyball, 9LMF)
Batting: RHB Jeb Sexton 0-0: Called Strike
0-1: Foul Ball, location: 2F
0-2: Foul Ball, location: 2F
0-2: Strikes out looking
Batting: LHB Roberto Vázquez 0-0: Ball
1-0: SINGLE (Groundball, 56) (infield hit)
Batting: RHB Felix Plugge 0-0: Fly out, F5 (Popup, 56)
Bottom of the 1st over - 0 runs, 1 hit, 0 errors, 1 left on base; Santa Barbara 1 - Baltimore 0
TOP OF THE 2ND
Santa Barbara Golden Cranes batting - Pitching for Baltimore Black Sox : RHP Jordan Turpin
Batting: RHB Gilbert Graham 0-0: Swinging Strike
0-1: Swinging Strike
0-2: Foul Ball, location: 2F
0-2: Strikes out looking
Batting: LHB Jin-song Seah 0-0: Swinging Strike
0-1: Ball
1-1: Swinging Strike
1-2: Fly out, F9 (Flyball, 89S)
Batting: RHB Gerardo Vázquez 0-0: Ball
1-0: Ball
2-0: Ground out 5-3 (Groundball, 5)
Top of the 2nd over - 0 runs, 0 hits, 0 errors, 0 left on base; Santa Barbara 1 - Baltimore 0
BOTTOM OF THE 2ND
Baltimore Black Sox batting - Pitching for Santa Barbara Golden Cranes : RHP José Guillén
Batting: RHB Landon Edwards 0-0: Called Strike
0-1: Swinging Strike
0-2: Strikes out swinging
Batting: RHB Raúl Cicerón 0-0: Ball
1-0: Ball
2-0: Called Strike
2-1: Ball
3-1: Foul Ball, location: 2F
3-2: Foul Ball, location: 2F
3-2: Base on Balls
Batting: RHB Pedro Torres 0-0: Ball
1-0: Foul Ball, location: 2F
1-1: Ball
2-1: Foul Ball, location: 2F
2-2: Strikes out swinging
Batting: LHB Tomás Valenzuela 0-0: Called Strike
0-1: Ball
1-1: Ball
2-1: SINGLE (Groundball, 4D)
Raúl Cicerón to second
Runner from 2nd tries for 3rd, SAFE, no throw
Batting: RHB Lee Storment 0-0: Called Strike
0-1: Swinging Strike
0-2: Ball
1-2: Ball
2-2: Strikes out swinging
Bottom of the 2nd over - 0 runs, 1 hit, 0 errors, 2 left on base; Santa Barbara 1 - Baltimore 0
TOP OF THE 3RD
Santa Barbara Golden Cranes batting - Pitching for Baltimore Black Sox : RHP Jordan Turpin
Batting: RHB Sun-jae Kwak 0-0: Ball
1-0: Ball
2-0: Fly out, F8 (Line Drive, 8LD)
Batting: RHB Rocky Zolman 0-0: Ground out 6-3 (Groundball, 6)
Batting: LHB Tom Haymon 0-0: Fly out, F4 (Popup, 4)
Top of the 3rd over - 0 runs, 0 hits, 0 errors, 0 left on base; Santa Barbara 1 - Baltimore 0
BOTTOM OF THE 3RD
Baltimore Black Sox batting - Pitching for Santa Barbara Golden Cranes : RHP José Guillén
Batting: LHB Ramón Flores 0-0: SINGLE (Line Drive, 8RS)
Batting: RHB Jeb Sexton 0-0: Ball
1-0: Ball
2-0: Called Strike
2-1: Ball
3-1: Foul Ball, location: 2F
3-2: Foul Ball, location: 2F
3-2: Foul Ball, location: 2F
3-2: Grounds into double play, 6-4-3 (Groundball, 6M)
Batting: LHB Roberto Vázquez 0-0: Ball
1-0: Fly out, F4 (Popup, 4)
Bottom of the 3rd over - 0 runs, 1 hit, 0 errors, 0 left on base; Santa Barbara 1 - Baltimore 0
TOP OF THE 4TH
Santa Barbara Golden Cranes batting - Pitching for Baltimore Black Sox : RHP Jordan Turpin
Batting: LHB Su-wu Xiao 0-0: Ball
1-0: Foul Ball, location: 2F
1-1: Swinging Strike
1-2: Strikes out looking
Batting: RHB James Pike 0-0: Called Strike
0-1: Ball
1-1: Ball
2-1: SINGLE (Flyball, 8LS)
Batting: LHB Xu Cheng 0-0: Ball
1-0: Grounds into double play, 4-6-3 (Groundball, 4)
Top of the 4th over - 0 runs, 1 hit, 0 errors, 0 left on base; Santa Barbara 1 - Baltimore 0
BOTTOM OF THE 4TH
Baltimore Black Sox batting - Pitching for Santa Barbara Golden Cranes : RHP José Guillén
Batting: RHB Felix Plugge 0-0: Ball
1-0: Called Strike
1-1: Fly out, F9 (Flyball, 89S)
Batting: RHB Landon Edwards 0-0: Ball
1-0: Fly out, F9 (Flyball, 89S)
Batting: RHB Raúl Cicerón 0-0: Ball
1-0: Ball
2-0: Ball
3-0: Base on Balls
Batting: RHB Pedro Torres 0-0: Ball
Raúl Cicerón steals 2nd base
1-0: Called Strike
1-1: Foul Ball, location: 2F
1-2: Strikes out swinging
Bottom of the 4th over - 0 runs, 0 hits, 0 errors, 1 left on base; Santa Barbara 1 - Baltimore 0
TOP OF THE 5TH
Santa Barbara Golden Cranes batting - Pitching for Baltimore Black Sox : RHP Jordan Turpin
Batting: RHB Gilbert Graham 0-0: Called Strike
0-1: Ball
1-1: Called Strike
1-2: Foul Ball, location: 2F
1-2: Ground out 6-3 (Groundball, 6)
Batting: LHB Jin-song Seah 0-0: Ball
1-0: Called Strike
1-1: Ground out 4-3 (Groundball, 4M)
Batting: RHB Gerardo Vázquez 0-0: Ball
1-0: Ball
2-0: Called Strike
2-1: Swinging Strike
2-2: Ball
3-2: Foul Ball, location: 2F
3-2: Foul Ball, location: 2F
3-2: Base on Balls
Batting: RHB Sun-jae Kwak 0-0: Ball
1-0: Foul Ball, location: 2F
1-1: Ball
2-1: Fly out, F3 (Popup, 3SF)
Top of the 5th over - 0 runs, 0 hits, 0 errors, 1 left on base; Santa Barbara 1 - Baltimore 0
BOTTOM OF THE 5TH
Baltimore Black Sox batting - Pitching for Santa Barbara Golden Cranes : RHP José Guillén
Batting: LHB Tomás Valenzuela 0-0: Ball
1-0: Ball
2-0: Ball
3-0: Called Strike
3-1: Foul Ball, location: 2F
3-2: Foul Ball, location: 2F
3-2: Foul Ball, location: 2F
3-2: Fly out, F6 (Popup, 15)
Batting: RHB Lee Storment 0-0: Ball
1-0: Called Strike
1-1: Called Strike
1-2: Fly out, F2 (Popup, 15S)
Batting: LHB Ramón Flores 0-0: Ball
1-0: Ball
2-0: Ball
3-0: Base on Balls
Batting: RHB Jeb Sexton 0-0: Called Strike
0-1: Called Strike
0-2: Ball
1-2: Ball
2-2: Ball
3-2: Foul Ball, location: 2F
3-2: Foul Ball, location: 2F
3-2: 2-RUN HOME RUN (Flyball, 7LD), Distance : 347 ft
Batting: LHB Roberto Vázquez 0-0: Foul Ball, location: 2F
0-1: Ground out 4-3 (Groundball, 4)
Bottom of the 5th over - 2 runs, 1 hit, 0 errors, 0 left on base; Santa Barbara 1 - Baltimore 2
TOP OF THE 6TH
Santa Barbara Golden Cranes batting - Pitching for Baltimore Black Sox : RHP Jordan Turpin
Batting: RHB Rocky Zolman 0-0: Ground out 5-3 (Groundball, 56)
Batting: LHB Tom Haymon 0-0: Ball
1-0: Foul Ball, location: 2F
1-1: Foul Ball, location: 2F
1-2: Ball
2-2: Ball
3-2: Foul Ball, location: 2F
3-2: Ground out 3-1 (Groundball, 34)
Batting: LHB Su-wu Xiao 0-0: Foul Ball, location: 2F
0-1: Ball
1-1: SINGLE (Flyball, 89S)
Batting: RHB James Pike 0-0: Ball
1-0: Called Strike
1-1: Swinging Strike
1-2: Foul Ball, location: 2F
1-2: Strikes out swinging
Top of the 6th over - 0 runs, 1 hit, 0 errors, 1 left on base; Santa Barbara 1 - Baltimore 2
BOTTOM OF THE 6TH
Baltimore Black Sox batting - Pitching for Santa Barbara Golden Cranes : RHP José Guillén
Batting: RHB Felix Plugge 0-0: Called Strike
0-1: Ball
1-1: Ground out 6-3 (Groundball, 56)
Batting: RHB Landon Edwards 0-0: Called Strike
0-1: Ground out 4-3 (Groundball, 4)
Batting: RHB Raúl Cicerón 0-0: Fly out, F7 (Flyball, 7)
Bottom of the 6th over - 0 runs, 0 hits, 0 errors, 0 left on base; Santa Barbara 1 - Baltimore 2
TOP OF THE 7TH
Santa Barbara Golden Cranes batting - Pitching for Baltimore Black Sox : RHP Jordan Turpin
Batting: LHB Xu Cheng 0-0: Called Strike
0-1: Called Strike
0-2: Ball
1-2: Ground out 4-3 (Groundball, 4)
Batting: RHB Gilbert Graham 0-0: Ball
1-0: Foul Ball, location: 2F
1-1: Ball
2-1: Foul Ball, location: 2F
2-2: Ball
3-2: Foul Ball, location: 2F
3-2: Foul Ball, location: 2F
3-2: Fly out, F5 (Popup, 5F)
Batting: LHB Jin-song Seah 0-0: Called Strike
0-1: Swinging Strike
0-2: Ball
1-2: Hit by Pitch
Batting: RHB Gerardo Vázquez 0-0: Called Strike
0-1: Ball
1-1: Ball
2-1: Ball
3-1: Called Strike
3-2: Base on Balls
Jin-song Seah to second
Batting: RHB Sun-jae Kwak 0-0: Ball
1-0: Ball
2-0: Swinging Strike
2-1: Ball
3-1: Swinging Strike
3-2: Base on Balls
Jin-song Seah to third
Gerardo Vázquez to second
Batting: RHB Rocky Zolman 0-0: Foul Ball, location: 2F
0-1: SINGLE (Groundball, 56D)
Jin-song Seah scores
Gerardo Vázquez to third
Sun-jae Kwak to second
Runner from 3rd tries for Home, SAFE, no throw
Batting: LHB Tom Haymon 0-0: Ball
1-0: Ball
2-0: Called Strike
2-1: Swinging Strike
2-2: Fly out, F9 (Flyball, 9D)
Top of the 7th over - 2 runs, 1 hit, 0 errors, 2 left on base; Santa Barbara 3 - Baltimore 2
BOTTOM OF THE 7TH
Baltimore Black Sox batting - Pitching for Santa Barbara Golden Cranes : RHP José Guillén
Batting: RHB Pedro Torres 0-0: Ball
1-0: Called Strike
1-1: Foul Ball, location: 2F
1-2: SINGLE (Groundball, 6MD)
Batting: LHB Tomás Valenzuela 0-0: Ball
1-0: Foul Ball, location: 2F
1-1: Called Strike
1-2: Ball
2-2: Fielders Choice at 2nd, 6-4 (Groundball, 6M)
Batting: RHB Lee Storment 0-0: Called Strike
0-1: SINGLE (Flyball, 9LS)
Tomás Valenzuela to second
Runner from 2nd tries for 3rd, SAFE, throw made to third
Batting: LHB Ramón Flores 0-0: Ball
1-0: Fly out, F8 (Flyball, 8LM)
Runner from 3rd tags up, SCORES, no throw
Batting: RHB Jeb Sexton 0-0: Fly out, F7 (Line Drive, 7)
Bottom of the 7th over - 1 run, 2 hits, 0 errors, 1 left on base; Santa Barbara 3 - Baltimore 3
TOP OF THE 8TH
Santa Barbara Golden Cranes batting - Pitching for Baltimore Black Sox : RHP Jordan Turpin
Batting: LHB Su-wu Xiao 0-0: Swinging Strike
0-1: Ground out 4-3 (Groundball, 4)
Pitching: RHP Curt Wright
Batting: RHB James Pike 0-0: Called Strike
0-1: Ball
1-1: Called Strike
1-2: Foul Ball, location: 2F
1-2: Strikes out looking
Batting: LHB Xu Cheng 0-0: Called Strike
0-1: Ball
1-1: Ball
2-1: Foul Ball, location: 2F
2-2: Ground out 4-3 (Groundball, 4)
Top of the 8th over - 0 runs, 0 hits, 0 errors, 0 left on base; Santa Barbara 3 - Baltimore 3
BOTTOM OF THE 8TH
Baltimore Black Sox batting - Pitching for Santa Barbara Golden Cranes : RHP José Guillén
Batting: LHB Roberto Vázquez 0-0: Ball
1-0: Foul Ball, location: 2F
1-1: Ball
2-1: Foul Ball, location: 2F
2-2: Fly out, F8 (Flyball, 78D)
Batting: RHB Felix Plugge 0-0: Called Strike
0-1: Foul Ball, location: 2F
0-2: Strikes out looking
Batting: RHB Landon Edwards 0-0: Ball
1-0: Ball
2-0: Called Strike
2-1: Ball
3-1: Called Strike
3-2: Ground out 1-3 (Groundball, 15)
Bottom of the 8th over - 0 runs, 0 hits, 0 errors, 0 left on base; Santa Barbara 3 - Baltimore 3
TOP OF THE 9TH
Santa Barbara Golden Cranes batting - Pitching for Baltimore Black Sox : RHP Curt Wright
Pitching: RHP Hans Rager
Batting: RHB Gilbert Graham 0-0: Ball
1-0: Ball
2-0: Called Strike
2-1: Swinging Strike
2-2: Foul Ball, location: 2F
2-2: Foul Ball, location: 2F
2-2: Ball
3-2: SOLO HOME RUN (Flyball, 7LD), Distance : 352 ft
Batting: LHB Jin-song Seah 0-0: Called Strike
0-1: Ball
1-1: Foul Ball, location: 2F
1-2: Fly out, F9 (Flyball, 89S)
Batting: RHB Gerardo Vázquez 0-0: Called Strike
0-1: Ground out 6-3 (Groundball, 6)
Batting: RHB Sun-jae Kwak 0-0: Called Strike
0-1: Ball
1-1: Swinging Strike
1-2: Strikes out swinging
Top of the 9th over - 1 run, 1 hit, 0 errors, 0 left on base; Santa Barbara 4 - Baltimore 3
BOTTOM OF THE 9TH
Baltimore Black Sox batting - Pitching for Santa Barbara Golden Cranes : RHP José Guillén
Pitching: LHP Pedro Ortíz
Now at 1B: Jorge López
Now in RF: Christian Turner
Batting: RHB Raúl Cicerón 0-0: Foul Ball, location: 2F
0-1: Foul Ball, location: 2F
0-2: Ball
1-2: Ball
2-2: Ball
3-2: Ground out U3 (Groundball, 3)
Batting: RHB Pedro Torres 0-0: Called Strike
0-1: Ground out 5-3 (Groundball, 56)
Pinch Hitting: RHB Fernando Martínez 0-0: SINGLE (Line Drive, 7S)
Batting: RHB Lee Storment 0-0: Ball
1-0: Called Strike
1-1: Ball
2-1: Ball
3-1: Swinging Strike
3-2: Base on Balls
Fernando Martínez to second
Batting: LHB Ramón Flores 0-0: Ball
1-0: Ground out 4-3 (Groundball, 4)
Bottom of the 9th over - 0 runs, 1 hit, 0 errors, 2 left on base; Santa Barbara 4 - Baltimore 3
Friday, March 29th, 2019 - OOTP Baseball 18.8 Build 76